 Dungeon Sprint DCSS version 0.30-a0-304-gdc4b735fe1 (webtiles) character file.

Game seed: 14623344484769384666

112 rocky1 the Ducker (level 5, -5/41 HPs)
             Began as a Djinni Gladiator on Oct 21, 2022.
             Slain by a shadow (11 damage)
             ... in the Dungeon (Sprint III: "The Ten Rune Challenge").
             The game lasted 00:01:54 (283 turns).

rocky1 the Ducker (Djinni Gladiator)                 Turns: 283, Time: 00:01:54

Health: -5/41      AC:  4    Str: 13    XL:     5   Next: 16%
Gold:   33         EV: 14    Int: 11    God:
                   SH:  0    Dex: 15

rFire   + + .      SeeInvis .    a - +0 long sword
rCold   x . .      Faith    .    (no shield)
rNeg    . . .      Spirit   .    b - +0 leather armour
rPois   ∞          Reflect  .    c - +0 helmet
rElec   .          Harm     .    (no cloak)
rCorr   .          Rampage  .    (no gloves)
Will    .....      NoTele   +    (boots unavailable)
Stlth   ++........               (no amulet)
HPRegen 0.26/turn                (no ring)
MPRegen 0.00/turn                (no ring)

@: flying
A: sickness immunity, fire resistance 2, cold vulnerability 1, float, innate
caster, HP casting, extra vitality 1
a: no special abilities


You were in the Dungeon.
You visited 1 branch You collected 33 gold pieces.

Inventory:

Hand Weapons
 a - a +0 long sword (weapon)
Missiles
 d - 2 throwing nets (quivered)
 e - a javelin
Armour
 b - a +0 leather armour (worn)
 c - a +0 helmet (worn)
Scrolls
 j - a scroll of blinking
 k - a scroll of poison {unknown}
 l - 4 scrolls of identify
 m - a scroll of torment {unknown}
Potions
 f - a potion of curing
 g - a potion of heal wounds
 h - 2 potions of haste
 n - 7 potions of mutation


   Skills:
 + Level 4.0 Fighting
 + Level 5.0 Long Blades
 - Level 1.5 Throwing
 + Level 3.0 Armour
 + Level 6.0 Dodging
 + Level 2.6 Stealth
 - Level 1.7 Spellcasting


You had 4 spell levels left.
You knew the following spells:

 Your Spells              Type           Power      Damage    Failure   Level
a - Shock                 Conj/Air       16%        1d4       19%         1
b - Scorch                Fire           8%         2d5       28%         2
Your spell library was empty.

Dungeon Overview and Level Annotations

Branches:
Dungeon (1/1)

Altars:


Innate Abilities, Weirdness & Mutations

You are immune to sickness and miasma.
You are immune to poison.
Your flesh is very heat resistant. (rF++)
You are vulnerable to cold. (rC-)
You float through the air rather than walking.
You learn spells naturally, not from books.
Your magical power is your life essence.
You have superior vitality. (+4 MHP)


Message History

You slash the jelly!
You kill the jelly!
Your Fighting skill increases to level 4!
Your Long Blades skill increases to level 5!
Your Armour skill increases to level 3!
Your Dodging skill increases to level 6!
You have reached level 5!
The power to cast Scorch wells up from within.
Spell assigned to 'b'.
You start resting.
HP restored.
A shadow comes into view.
There is an open door here.
The helpless shadow fails to defend itself.
You hit the shadow but do no damage. The shadow barely misses you.
You hit the shadow.
The shadow is moderately damaged.
The shadow closely misses you.
You hit the shadow.
The shadow is heavily damaged.
The shadow hits you. The shadow hits you!
You hit the shadow but do no damage.
The shadow is heavily damaged.
The shadow hits you!
You completely miss the shadow.
The shadow is heavily damaged.
The shadow slips into darkness.
The shadow flickers and vanishes!
Deactivating autopickup; reactivate with Ctrl-A.
You hit something.
The shadow strikes at you from the darkness!
* * * LOW HITPOINT WARNING * * *
Reactivating autopickup.
You hit the shadow but do no damage.
The shadow is heavily damaged.
The shadow hits you.
You closely miss the shadow.
The shadow is heavily damaged.
The shadow hits you!
You die...

▓▓▓ # ##.# #####..#
.#!.#..#
.#..#..###+#+###+##
.##'#..#..........#
.###...'.⌠........#
####...#...######'#
###....#.⌠.# #W@.#
##.....#...# #...#
#......#+### #...#
†#.....# #...+
###....# +...#
▓▓▓▓▓▓ ▓▓▓▓▓


You could see a shadow.

Vanquished Creatures
  A water elemental (D)
  A jelly (D)
  A human (D)
  A phantom (D)
  4 rats (D)
8 creatures vanquished.

Notes
Turn   | Place    | Note
-------+----------+-------------------------------------------
     0 | D        | rocky1 the Djinni Gladiator began the quest for the Orb.
     0 | D        | Reached XP level 1. HP: 18/18 MP: 0/0
    67 | D        | Reached skill level 4 in Dodging
    67 | D        | Reached skill level 1 in Spellcasting
    67 | D        | Reached XP level 2. HP: 21/24 MP: 0/0
    67 | D        | Reached XP level 3. HP: 26/29 MP: 0/0
    67 | D        | Learned a level 1 spell: Shock
   105 | D        | Noticed a water elemental
   115 | D        | Killed a water elemental
   116 | D        | Reached skill level 5 in Dodging
   116 | D        | Reached XP level 4. HP: 36/36 MP: 0/0
   269 | D        | Reached skill level 5 in Long Blades
   269 | D        | Reached skill level 6 in Dodging
   269 | D        | Reached XP level 5. HP: 40/41 MP: 0/0
   269 | D        | Learned a level 2 spell: Scorch
   274 | D        | Noticed a shadow
   283 | D        | Slain by a shadow

Illustrated notes

Levels and vault maps discovered:
D:        dungeon_sprint_mu [sprint_mu_entry_cave, sprint_mu_temple_rooms,
          sprint_mu_d1_spiders, sprint_mu_d2_genie, sprint_mu_d3_branching,
          sprint_mu_orc_legion, sprint_mu_elf_gauntlet, sprint_mu_hive_nellie,
          sprint_mu_lair_fedhas, sprint_mu_vaults_butterflies,
          sprint_mu_slime_circle, sprint_mu_shoals_archi,
          sprint_mu_snake_twists, sprint_mu_blade_basic,
          sprint_mu_crypt_chambers, sprint_mu_tomb_spiral,
          sprint_mu_vestibule_basic, sprint_mu_gehenna_hellfire,
          sprint_mu_dis_giant, sprint_mu_tartarus_statrot,
          sprint_mu_cocytus_islands, sprint_mu_zot1]

Skill      XL: |  1  2  3  4 |
---------------+-------------+-----
Long Blades    | 3 4 5 |  5.0
Dodging        | 4 5 6 |  6.0
Spellcasting   | 1 |  1.7
Fighting       | 3 4 |  4.0
Armour         | 2 3 |  3.0
Stealth        | 2 |  2.6
Throwing       | |  1.5

Action                   |  1- 3 |  4- 6 || total
-------------------------+-------+-------++-------
Melee: Long sword        |    28 |    10 ||    38
       Punch             |     1 |       ||     1
Throw: Throwing net      |     3 |       ||     3
  Use: Potion            |     1 |       ||     1
 Stab: Sleeping          |       |     1 ||     1
Armor: Leather armour    |     1 |     1 ||     2
Dodge: Dodged            |    19 |     3 ||    22

Table legend: (Time is in decaauts)
 A = Elapsed time spent in this place.
 B = Non-inter-level travel time spent in this place.
 C = Inter-level travel time spent in this place.
 D = Time resting spent in this place.
 E = Time spent auto-exploring this place.
 F = Levels seen in this place.
 G = Mean time per level.
                   A        B        C        D        E       F      G
               +--------+--------+--------+--------+--------+-----+--------+
         Total |    297 |    297 |      0 |    152 |     31 |   1 |  297.0 |
       Dungeon |    297 |    297 |      0 |    152 |     31 |   1 |  297.0 |
               +--------+--------+--------+--------+--------+-----+--------+

Top non-repeatable levels by time:
       D: 297 daAuts
